 Dungeon Crawl Stone Soup version 0.22-a0-515-g75794bf (webtiles) character file.

9468 Supahsalami the Protected (level 11, -4/104 HPs)
             Began as a Deep Dwarf Fighter on June 19, 2018.
             Was a Priest of Makhleb.
             Slain by a gnoll sergeant
             ... wielding a +0 bardiche
              (5 damage)
             ... in a bailey.
             The game lasted 01:20:42 (9619 turns).

Supahsalami the Protected (Deep Dwarf Fighter)      Turns: 9619, Time: 01:20:42

Health: -4/104     AC: 11    Str: 25    XL:     11   Next: 23%
Magic:  0/0        EV:  9    Int:  9    God:    Makhleb [***...]
Gold:   630        SH: 12    Dex: 12    Spells: 10/10 levels left

rFire    + . .     SeeInvis .   h - -2 mace (curse)
rCold    . . .     Gourm    .   c - +0 shield
rNeg     . . .     Faith    .   Q - +0 scale mail
rPois    .         Spirit   .   (no helmet)
rElec    .         Reflect  .   O - -2 cloak (curse)
rCorr    .         Harm     .   H - +2 pair of gloves
MR       +....                  (no boots)
Stlth    ..........             z - amulet of inaccuracy (curse)
HPRegen  0.00/turn              r - ring of protection from fire
MPRegen  0.07/turn              B - +2 ring of strength

@: non-regenerating
A: damage resistance, heal wounds, sense surroundings 2, no regeneration
a: Heal Wounds, Minor Destruction, Lesser Servant of Makhleb, Renounce Religion


You were in a bailey.
You worshipped Makhleb.
Makhleb was most pleased with you.
You were not hungry.

You visited 3 branches of the dungeon, and saw 13 of its levels.
You also visited: Bailey.

You collected 630 gold pieces.

Inventory:

Hand Weapons
 a - a +2 hand axe of venom
 b - a +0 blowgun
 h - a cursed -2 mace (weapon)
 n - a +2 dagger of draining
 x - a +1 war axe
 A - a +1 hand axe of electrocution
 K - a +3 battleaxe
 L - a +3 halberd
 P - a +3 flail
Missiles
 d - a throwing net (quivered)
 m - 156 stones
 v - 59 poisoned needles
Armour
 c - a +0 shield (worn)
 l - a +0 ring mail of cold resistance
 H - a +2 pair of gloves (worn)
 O - a cursed -2 cloak (worn)
 Q - a +0 scale mail (worn)
Jewellery
 g - an uncursed amulet of harm
 q - an uncursed amulet of rage {unknown}
 r - a ring of protection from fire (left hand)
 t - an uncursed ring of fire
 y - an uncursed ring of see invisible
 z - a cursed amulet of inaccuracy (around neck)
 B - a +2 ring of strength (right hand)
Wands
 w - a wand of polymorph (7)
 D - a wand of disintegration (1)
 M - a wand of clouds (6)
Scrolls
 j - 2 scrolls of enchant weapon
 s - 3 scrolls of teleportation
 C - a scroll of fog
 E - a scroll of fear
Potions
 i - a potion of lignification
 k - a potion of flight
 o - a potion of agility
 F - a potion of brilliance
 G - 2 potions of berserk rage
Miscellaneous
 I - a fan of gales (inert)
Comestibles
 f - 20 rations
 N - 6 chunks of flesh


   Skills:
 + Level 8.6 Fighting
 + Level 9.9 Axes
 + Level 10.3 Armour
 + Level 10.2 Shields


You had 10 spell levels left.
You didn't know any spells.
Your spell library was empty.

Dungeon Overview and Level Annotations

Branches:
Dungeon (11/15)            Temple (1/1) D:7             Orc (1/2) D:9
   Lair: D:8-11

Altars:
Ashenzari
Cheibriados
Dithmenos
Elyvilon
Fedhas
Gozag
Hepliaklqana
Kikubaaqudgha
Makhleb
Nemelex Xobeh
Okawaru
Qazlal
Ru
Sif Muna
Trog
Uskayaw
Vehumet
Wu Jian
Xom
Yredelemnul
Zin
The Shining One

Shops:
D:7 =

Portals:
Trove: D:11 (give +6 ice dragon scales)

Annotations:
D:3 2 transporters
D:7 exclusion: downstairs


Innate Abilities, Weirdness & Mutations

You are resistant to damage.
You can heal yourself by infusing magical energy.
You passively map the area around you.
You do not regenerate.


Message History

Aiming: Polymorph
Press: ? - help, Shift-Dir - straight line, f/p - swamp drake
Aim: a swamp drake (water, chance to defeat MR: 46%)
The swamp drake resists with some effort.
The gnoll shaman calls down the wrath of its god upon you.
You resist with almost no effort. You block the gnoll sergeant's attack.
The swamp drake bites you.
* * * LOW HITPOINT WARNING * * *
Aiming: Polymorph
Press: ? - help, Shift-Dir - straight line, f/p - swamp drake
Aim: a swamp drake (water, chance to defeat MR: 46%)
The swamp drake evaporates and reforms as a crocodile!
The crocodile bites you!
* * * LOW HITPOINT WARNING * * *
As you read the scroll of fear, it crumbles to dust.
You assume a fearsome visage.
The gnoll shaman looks frightened! x2
The gnoll sergeant resists with some effort.
The crocodile looks frightened!
The gnoll looks frightened!
The gnoll sergeant hits you from afar with a bardiche.
You die...

### ♣∩♣ ♣.♣ ♣♣.♣♣
♣♣♣♣)[)♣♣
♣♣.......♣♣♣♣
♣♣♣....@.....%♣♣♣
♣♣......t........♣♣
♣♣≈≈≈≈≈≈≈gg.≈≈≈≈≈≈≈♣♣
♣≈≈.....g)........≈≈♣
♣≈.......g.....%...≈♣
♣≈.######'''######.≈♣
♣≈.# , #..)#, #.≈♣
♣≈##* +#.).#+ ##≈♣ ♣≈
,, #)).# , ≈♣


You could see a crocodile (fleeing), a gnoll sergeant, 2 gnoll shamans and a
gnoll (fleeing).

Vanquished Creatures
  A two-headed ogre (D:9)
  An unseen horror (D:10)
  2 trolls
  A hippogriff (D:7)
  Sigmund (D:6)
  2 wyverns (D:9)
  A spriggan (D:7)
  3 hungry ghosts
  6 yaks
  2 wargs
  A sky beast (D:5)
  An ice beast (D:7)
  Purgy (D:3)
  5 orc warriors
  A black bear (D:7)
  A phantom (D:7)
  9 ogres
  4 centaurs
  2 big kobolds
  5 bullfrogs
  3 gnoll sergeants (Bailey)
  A wyvern skeleton (D:7)
  A scorpion (D:7)
  10 killer bees
  8 wights
  A jelly (D:7)
  4 crimson imps
  A bullfrog zombie (D:11)
  2 quasits
  12 orc priests
  5 hounds
  A bullfrog skeleton (D:10)
  2 gnoll shamans (Bailey)
  A centaur skeleton (D:7)
  2 iguanas
  12 orc wizards
  12 worker ants
  A killer bee zombie (D:9)
  2 hound zombies
  A hound skeleton (D:5)
  Robin (D:3)
  2 worker ant zombies
  17 gnolls
  12 adders
  2 oozes (D:4)
  An adder skeleton (D:4)
  An adder zombie (D:9)
  4 worms
  A dart slug (D:2)
  7 leopard geckos
  60 orcs
  5 giant cockroaches
  18 goblins
  10 hobgoblins
  12 jackals
  9 quokkas
  3 bats
  6 frilled lizards
  A jackal zombie (D:8)
  14 kobolds
  A leopard gecko skeleton (D:5)
  A leopard gecko zombie (D:8)
  A quokka zombie (D:6)
  5 rats
  3 fungi (D:11)
329 creatures vanquished.

Vanquished Creatures (others)
  2 fungi (D:11)
  2 plants (D:10)
4 creatures vanquished.

Grand Total: 333 creatures vanquished

Notes
Turn   | Place    | Note
-------+----------+-------------------------------------------
     0 | D:1      | Supahsalami the Deep Dwarf Fighter began the quest for the Orb.
     0 | D:1      | Reached XP level 1. HP: 20/20 MP: 1/1
   862 | D:2      | Reached XP level 2. HP: 17/27 MP: 2/2
   990 | D:2      | Reached XP level 3. HP: 22/34 MP: 3/3
  1397 | D:3      | Reached XP level 4. HP: 12/42 MP: 4/4
  2087 | D:3      | Noticed Robin
  2147 | D:3      | Killed Robin
  2147 | D:3      | Reached XP level 5. HP: 16/49 MP: 4/4
  2510 | D:3      | Noticed a centaur
  2511 | D:3      | Noticed a centaur
  2517 | D:3      | Found a transporter.
  2521 | D:3      | Found a transporter.
  2533 | D:3      | Found a white marble altar of Elyvilon.
  2881 | D:4      | Noticed Purgy
  2892 | D:4      | Noticed an ogre
  2900 | D:3      | Killed Purgy
  2900 | D:3      | Reached XP level 6. HP: 34/57 MP: 5/5
  2903 | D:3      | Reached skill level 5 in Armour
  2903 | D:3      | Reached skill level 5 in Shields
  3096 | D:5      | Entered Level 5 of the Dungeon
  3214 | D:4      | Reached XP level 7. HP: 35/64 MP: 5/5
  3800 | D:4      | Reached skill level 5 in Axes
  4168 | D:5      | Reached skill level 5 in Fighting
  4168 | D:5      | Reached XP level 8. HP: 33/74 MP: 5/5
  4542 | D:7      | Noticed a hippogriff
  4561 | D:7      | Killed a hippogriff
  4692 | D:7      | Gained mutation: You passively map the area around you. [Deep Dwarf growth]
  4692 | D:7      | Reached XP level 9. HP: 66/82 MP: 5/5
  4707 | D:7      | Found Eliwk's Jewellery Boutique.
  5197 | D:6      | Found a stormy altar of Qazlal.
  5301 | D:6      | Found a deep blue altar of Sif Muna.
  5355 | D:6      | Noticed Sigmund
  5452 | D:7      | Found a staircase to the Ecumenical Temple.
  5469 | Temple   | Entered the Ecumenical Temple
  6206 | D:8      | Noticed a two-headed ogre
  6244 | D:10     | Entered Level 10 of the Dungeon
  6283 | D:10     | Noticed a troll
  6292 | D:9      | Reached XP level 10. HP: 50/94 MP: 5/5
  6327 | D:8      | Found a sacrificial altar of Ru.
  6330 | D:8      | Found a glowing silver altar of Zin.
  6337 | D:8      | Found a burning altar of Makhleb.
  6341 | D:8      | Became a worshipper of Makhleb the Destroyer
  6490 | D:9      | Noticed a two-headed ogre
  6910 | D:6      | Killed Sigmund
  7086 | D:8      | Reached * piety under Makhleb
  7271 | D:8      | Found a sparkling altar of Nemelex Xobeh.
  8038 | D:9      | Reached ** piety under Makhleb
  8344 | D:9      | Found a staircase to the Orcish Mines.
  8365 | D:9      | Killed a two-headed ogre
  8610 | Orc:1    | Entered Level 1 of the Orcish Mines
  8611 | Orc:1    | Noticed an orc warlord
  8721 | D:10     | Reached skill level 10 in Armour
  8721 | D:10     | Reached XP level 11. HP: 52/104 MP: 2/2
  8742 | D:10     | Noticed an unseen horror
  8754 | D:10     | Killed an unseen horror
  8754 | D:10     | Reached skill level 10 in Shields
  9090 | D:11     | Found a blossoming altar of Fedhas.
  9109 | D:11     | Found a portal to a secret trove of treasure.
  9205 | D:11     | Found a flagged portal.
  9246 | Bailey   | Entered a bailey
  9408 | Bailey   | Reached *** piety under Makhleb
  9507 | Bailey   | HP: 3/156 [gnoll/halberd (5)]
  9618 | Bailey   | HP: 1/104 [crocodile (11)]
  9619 | Bailey   | Slain by a gnoll sergeant

Vault maps used:
D:1:      dpeg_arrival_fog, st_stairs_1
D:3:      gammafunk_temple_overflow_arena, uniq_robin
D:4:      first_ration, uniq_purgy
D:6:      nicolae_qazlal_general_emergency, led_sif_pool, serial_glass,
          glass_columns_b, glass_columns_a, glass_columns_a, glass_columns_a,
          glass_columns_c, glass_columns_b, item_on_display_a,
          due_unseen_surprise, item_on_display_a, item_on_display_a,
          uniq_sigmund
D:7:      minmay_temple_entry_glassed_door, serial_shops, shop, the_bakery,
          kennysheep_generic_room_6
D:8:      grunt_temple_overflow_diamond, old_standard_altar, grunt_ministairs_14
D:9:      erik_orc_3
D:10:     erik_lair_orcish_takeover, serial_shops, nicolae_shop_statue_plus,
          nooodl_food_tri
D:11:     enter_bailey_8, enter_trove_6, minmay_crystal_room, fedhas_altar_3
Temple:   regret_index_temple_generic_petals
Orc:1:    nicolae_orc_accident_3, basic_altar
Bailey:   bailey_polearm_gnolls_kennysheep, bailey

Skill      XL: |  1  2  3  4  5  6  7  8  9 10 11 |
---------------+----------------------------------+-----
Fighting       | 3 4 5 6 7 8 |  8.6
Armour         | 4 5 6 7 8 10 | 10.3
Shields        | 4 5 6 7 8 9 10 | 10.2
Axes           | 3 4 5 6 8 9 |  9.9

Action                   |  1- 3 |  4- 6 |  7- 9 | 10-12 || total
-------------------------+-------+-------+-------+-------++-------
Melee: War axe           |   108 |   139 |    49 |       ||   296
       Dagger            |       |    52 |       |       ||    52
       Hand axe          |       |       |   463 |   568 ||  1031
       Mace              |       |       |       |    86 ||    86
Throw: Stone             |    48 |    12 |    94 |    51 ||   205
       Javelin           |       |       |     8 |       ||     8
       Throwing net      |       |       |       |     1 ||     1
 Abil: Heal Wounds       |       |     5 |    14 |    18 ||    37
Evoke: Wand              |       |       |       |    18 ||    18
       Fan of gales      |       |       |       |     1 ||     1
  Use: Scroll            |       |    11 |     4 |     8 ||    23
       Potion            |       |       |       |     4 ||     4
 Stab: Held in net/web   |       |       |       |     1 ||     1
  Eat: Chunk             |     2 |     6 |    12 |     8 ||    28
       Ration            |       |       |     2 |     3 ||     5
Armor: Scale mail        |    38 |    94 |   168 |   161 ||   461
       Ring mail         |       |       |    15 |       ||    15
       Skin              |       |       |       |    25 ||    25
Dodge: Dodged            |    45 |    56 |   139 |   204 ||   444
Block: Shield            |    63 |   131 |   264 |   411 ||   869

Table legend:
 A = Spawn XP
 B = Non-spawn XP
 C = Spawn XP percentage of total XP
 D = Spawn monster count
 E = Non-spawn monster count
 F = Spawn count percentage of total count
 G = Total turns spent on level
                    A         B        C        D         E        F      G
               +---------+---------+-------+---------+---------+-------+---------
         Total |       0 |   13527 |   0.0 |       0 |     326 |   0.0 |  9619
               +---------+---------+-------+---------+---------+-------+---------
           D:1 |       0 |      11 |   0.0 |       0 |       6 |   0.0 |   809
           D:2 |       0 |      63 |   0.0 |       0 |      19 |   0.0 |   836
           D:3 |       0 |     544 |   0.0 |       0 |      55 |   0.0 |  1280
           D:4 |       0 |     242 |   0.0 |       0 |      26 |   0.0 |   762
           D:5 |       0 |     618 |   0.0 |       0 |      20 |   0.0 |   731
           D:6 |       0 |    1228 |   0.0 |       0 |      22 |   0.0 |   819
           D:7 |       0 |    3126 |   0.0 |       0 |      53 |   0.0 |  1094
           D:8 |       0 |    1027 |   0.0 |       0 |      28 |   0.0 |   831
           D:9 |       0 |    3439 |   0.0 |       0 |      45 |   0.0 |  1188
          D:10 |       0 |    1907 |   0.0 |       0 |      22 |   0.0 |   403
          D:11 |       0 |     751 |   0.0 |       0 |      12 |   0.0 |   246
        Temple |       0 |       3 |   0.0 |       0 |       1 |   0.0 |   242
        Bailey |       0 |     568 |   0.0 |       0 |      17 |   0.0 |   373
               +---------+---------+-------+---------+---------+-------+---------
